Map: Dusk Towers

Players

FoolOfaTooK - Winner!

  • Race: Zerg Zerg
  • League: Grandmaster

Pokebunny

  • Race: Terran Terran
  • League: Grandmaster

VOD

Have the link to the VOD?

Description

Time

  • Played on: April 4, 2016, 4:54 p.m.
  • Length: 6:25
Show
View Real Time Build Order
Export as new Build Order

FoolOfaTooK Zerg - Winner!

Build Orders: Hatch First 

Get SALT Encoding   

  12  0:01  Drone  
  13  0:12  Overlord  
  13  0:17  Drone  
  14  0:31  Drone x2  
  14  0:35  Drone  
  17  0:46  Drone  
  18  0:55  Hatchery  
  17  0:57  Drone  
  18  1:11  Spawning Pool  
  17  1:14  Drone  
  18  1:18  Drone  
  19  1:28  Drone  
  20  1:45  Overlord  
  20  1:52  Drone  
  21  2:01  Drone  
  21  2:03  Queen  
  21  2:07  Extractor  
  21  2:08  Drone  
  24  2:09  Queen  
  26  2:15  Hatchery  
  26  2:18  Zergling x2  
  26  2:21  Zergling x2  
  28  2:25  Drone  
  28  2:31  Drone  
  28  2:34  Drone  
  30  2:38  Queen  
  30  2:40  Overlord  
  32  2:45  Drone  
  32  2:49  Queen  
  35  2:52  Drone  
  35  2:54  Extractor  
  35  2:55  Extractor  
  35  2:56  Drone  
  35  3:03  Drone  
  36  3:06  Drone  
  37  3:13  Overlord  
  37  3:14  Drone x3  
  37  3:19  Drone x3  
  43  3:23  Drone  
  44  3:28  Queen  
  44  3:33  Drone  
  47  3:35  Drone x2  
  47  3:38  Drone  
  50  3:44  Overlord  
  50  3:45  Drone  
  50  3:48  Drone  
  52  3:50  Drone  
  52  3:53  Drone x2  
  52  3:54  Metabolic Boost  
  55  3:58  Baneling Nest  
  54  4:12  Hatchery  
  54  4:14  Zergling x4  
  54  4:15  Zergling x6  
  58  4:18  Overlord  
  58  4:28  Overlord  
  58  4:44  Zergling x16  
  66  4:46  Overlord x3  
  66  4:51  Zergling x2  
  66  4:52  Zergling x10  
  72  5:03  Overlord  
  72  5:04  Zergling x2  
  72  5:05  Zergling x2  
  72  5:07  Zergling x2  
  69  5:24  Zergling x2  
  69  5:25  Zergling x20  
  71  5:43  Zergling x16  
  71  5:46  Baneling x3  
  71  5:47  Baneling  
  71  5:48  Baneling  
  79  5:50  Baneling x2  
  79  5:53  Baneling  
  79  5:54  Baneling  
  79  5:55  Baneling x2  
  79  6:00  Zergling x6  
Show
View Real Time Build Order
Export as new Build Order

Pokebunny Terran 

Build Orders: Liberator Opening, Reaper Expand 

Get SALT Encoding   

  12  0:00  SCV  
  13  0:13  SCV  
  14  0:19  Supply Depot  
  14  0:25  SCV  
  15  0:41  SCV  
  15  0:42  Barracks  
  16  0:44  Refinery  
  16  0:53  SCV  
  17  1:05  SCV  
  18  1:17  SCV  
  19  1:29  Orbital Command, Reaper  
  20  1:41  Command Center  
  20  1:52  Supply Depot  
  20  1:55  SCV  
  20  2:01  Marine  
  21  2:07  SCV  
  23  2:15  Factory  
  23  2:19  SCV  
  23  2:20  Refinery  
  24  2:24  Barracks Reactor  
  24  2:32  SCV  
  25  2:44  SCV  
  26  2:53  Command Center  
  26  2:56  SCV  
  27  3:05  Starport  
  27  3:08  Orbital Command  
  27  3:15  Hellion  
  31  3:20  Hellion  
  31  3:23  SCV  
  32  3:29  Liberator, Barracks Tech Lab  
  32  3:34  SCV  
  33  3:35  SCV  
  34  3:42  Hellion x2  
  41  3:52  Supply Depot  
  41  3:53  SCV  
  41  3:55  SCV  
  43  3:57  Stimpack  
  43  3:59  Marine  
  44  4:06  SCV  
  44  4:08  Orbital Command  
  45  4:10  SCV  
  46  4:22  Barracks  
  46  4:23  Barracks  
  46  4:26  Factory Reactor  
  46  4:27  Marine  
  46  4:30  SCV x2  
  49  4:36  Starport Reactor  
  49  4:38  Engineering Bay  
  49  4:40  Engineering Bay  
  49  4:42  SCV x2  
  51  4:46  Marine  
  51  4:51  Refinery x2  
  52  4:57  SCV  
  52  4:58  SCV x2  
  55  5:02  Supply Depot  
  55  5:13  SCV x2  
  57  5:15  Marine  
  57  5:17  Marine  
  57  5:18  Marine  
  57  5:20  Medivac x2  
  64  5:21  Factory Tech Lab  
  64  5:22  SCV  
  64  5:27  SCV x2  
  58  5:41  Marine x3  
  58  5:42  Siege Tank  
  64  5:44  Bunker  
  64  5:45  Marine  
  64  5:46  Marine  
  66  5:53  Medivac x2  
  70  6:01  Supply Depot  
  70  6:02  SCV  
  70  6:04  Supply Depot  
  71  6:07  Marine  
Tags
 
Add a new tag
Caveats
  • Supply blocks, unpowered buildings, or Contaminate may cause inaccurate times.
  • Supply counts are checked every 10 seconds.